 Dungeon Crawl Stone Soup version 0.28-a0-1234-g826d19b2e0 (webtiles) character file.

Game seed: 12821917746284074902

891 r3xj the Cudgeller (level 7, 0/64 HPs)
             Began as a Minotaur Fighter on Dec 23, 2021.
             Slain by a gnoll (5 damage)
             ... on level 5 of the Dungeon.
             The game lasted 00:08:15 (4607 turns).

r3xj the Cudgeller (Minotaur Fighter)               Turns: 4607, Time: 00:08:16

Health: 0/64       AC: 11    Str: 23    XL:     7   Next: 78%
Magic:  6/6        EV: 10    Int:  5    God:
Gold:   241        SH:  4    Dex:  9    Spells: 6/6 levels left

rFire   + . .      SeeInvis .   a - +0 flail
rCold   . . .      Faith    .   c - +0 buckler
rNeg    . . .      Spirit   .   l - +2 ring mail {rF+}
rPois   .          Reflect  .   (helmet restricted)
rElec   .          Harm     .   (no cloak)
rCorr   .          Rampage  .   n - +0 pair of gloves
Will    .....                   b - +0 pair of boots
Stlth   ..........              s - amulet of magic regeneration
HPRegen 0.20/turn               (no ring)
MPRegen 0.50/turn               (no ring)

@: no status effects
A: horns 2, retaliatory headbutt
a: no special abilities


You were on level 5 of the Dungeon.
You visited 1 branch of the dungeon, and saw 5 of its levels.

You collected 241 gold pieces.

Inventory:

Hand Weapons
 a - a +0 flail (weapon)
Missiles
 v - 5 javelins (quivered)
Armour
 b - a +0 pair of boots (worn)
 c - a +0 buckler (worn)
 l - a +2 ring mail of fire resistance (worn)
 n - a +0 pair of gloves (worn)
Jewellery
 s - an amulet of magic regeneration (around neck)
 x - an amulet of guardian spirit
Wands
 q - a wand of digging (5)
Scrolls
 h - 4 scrolls of identify {unknown}
 j - 2 scrolls of enchant weapon {unknown}
 k - 3 scrolls of teleportation {unknown}
 o - a scroll of acquirement {unknown}
 r - a scroll of vulnerability {unknown}
 t - 3 scrolls of amnesia {unknown}
 y - a scroll of magic mapping {unknown}
Potions
 d - a potion of might
 e - 5 potions of flight {unknown}
 f - a potion of resistance {unknown}
 g - a potion of heal wounds {unknown}
 i - a potion of brilliance {unknown}
 m - a potion of mutation {unknown}
 p - a potion of curing {unknown}
 u - a potion of invisibility {unknown}
 w - a potion of magic {unknown}
 z - a potion of degeneration {unknown}


   Skills:
 + Level 6.4 Fighting
 * Level 7.3 Maces & Flails
 + Level 6.4 Armour
 - Level 4.5 Shields


You had 6 spell levels left.
You didn't know any spells.
Your spell library contained the following spells:

 Spells                   Type           Power      Damage    Failure   Level
 Slow                     Hex            0%         N/A       63%         1
 Confusing Touch          Hex            0%         N/A       94%         3
 Vampiric Draining        Necr           0%         2d6       94%         3


Dungeon Overview and Level Annotations

Branches:
Dungeon (5/15)             Temple (0/1) D:5

Altars:


Innate Abilities, Weirdness & Mutations

You have a pair of horns on your head.
You reflexively headbutt those who attack you in melee.


Message History

You barely miss the gnoll sergeant.
The gnoll sergeant is heavily wounded.
The gnoll hits you but does no damage.
The gnoll sergeant hits you but does no damage.
You hit the gnoll sergeant but do no damage.
The gnoll sergeant is heavily wounded.
The gnoll hits you but does no damage.
The gnoll sergeant hits you with a +0 spear.
You hit the gnoll sergeant.
The gnoll sergeant is severely wounded.
The gnoll barely misses you. The gnoll sergeant closely misses you.
The gnoll barely misses you.
You hit the gnoll sergeant but do no damage.
The gnoll sergeant is severely wounded.
The gnoll sergeant hits you but does no damage.
The gnoll misses you.
You sock the gnoll sergeant!
You kill the gnoll sergeant!
The gnoll closely misses you. The gnoll barely misses you.
You furiously retaliate!
You headbutt the gnoll.
Things that are here:
a +0 spear; a +0 scale mail; a gnoll corpse You hit the gnoll but do no damage.
Your headbutt misses the gnoll.
The gnoll is lightly wounded.
You block the gnoll's attack.
You closely miss the gnoll. Your headbutt misses the gnoll.
The gnoll is lightly wounded.
The gnoll completely misses you.
You hit the gnoll but do no damage. Your headbutt misses the gnoll.
The gnoll is lightly wounded.
The gnoll hits you with a +0 halberd!
* * * LOW HITPOINT WARNING * * *
You closely miss the gnoll.
The gnoll is lightly wounded.
The gnoll hits you with a +0 halberd!
* * * LOW HITPOINT WARNING * * *
You closely miss the gnoll.
The gnoll is lightly wounded.
The gnoll hits you with a +0 halberd.
You die...

#.#.## ##.......##
#..##.###
.###....####.........#
#...#.###
...........+.........+
.. .......
####....####.........###
....### #.#.## #....)..#
....... #.### ##.....##
######## #.# ##.g.##
#.### ##g## #...# #@#
###.# #)# #.# ##.## #.#
##...## #.#
#.....#####.#
#[########..........#
#.##........#.#######
#....8.8.8...#.##
####..⌠.⌠...###.#


You could see 2 gnolls.

Vanquished Creatures
  A wyvern (D:5)
  Menkaure (D:5)
  A water moccasin (D:5)
  2 necrophages (D:5)
  A bullfrog (D:4)
  A gnoll sergeant (D:5)
  An orc priest (D:3)
  An orc wizard (D:4)
  9 gnolls
  6 worms
  2 dart slugs
  12 orcs
  5 endoplasms
  A giant cockroach (D:3)
  5 goblins
  3 hobgoblins
  3 quokkas
  3 ball pythons
  2 bats
  5 frilled lizards
  5 kobolds
  2 rats
72 creatures vanquished.

Notes
Turn   | Place    | Note
-------+----------+-------------------------------------------
     0 | D:1      | r3xj the Minotaur Fighter began the quest for the Orb.
     0 | D:1      | Reached XP level 1. HP: 19/19 MP: 0/0
   411 | D:1      | Reached XP level 2. HP: 23/27 MP: 1/1
   449 | D:1      | Found a faded altar of an unknown god.
  1365 | D:2      | Reached skill level 3 in Maces & Flails
  1383 | D:2      | Reached XP level 3. HP: 27/33 MP: 2/2
  2153 | D:3      | Reached XP level 4. HP: 35/41 MP: 3/3
  3119 | D:4      | Reached XP level 5. HP: 39/47 MP: 4/4
  3125 | D:4      | Reached skill level 4 in Maces & Flails
  3352 | D:4      | Reached skill level 5 in Fighting
  3352 | D:4      | Reached skill level 5 in Armour
  3766 | D:5      | Entered Level 5 of the Dungeon
  3779 | D:5      | Found a staircase to the Ecumenical Temple.
  3779 | D:5      | Noticed a water moccasin
  3783 | D:5      | Killed a water moccasin
  3784 | D:5      | Reached skill level 5 in Maces & Flails
  3784 | D:5      | Reached XP level 6. HP: 50/56 MP: 5/5
  3906 | D:5      | Noticed a wyvern
  3919 | D:5      | Killed a wyvern
  3920 | D:5      | Reached skill level 6 in Maces & Flails
  3920 | D:5      | Reached XP level 7. HP: 25/62 MP: 6/6
  4351 | D:5      | Noticed Menkaure
  4359 | D:5      | Killed Menkaure
  4360 | D:5      | Reached skill level 7 in Maces & Flails
  4607 | D:5      | Slain by a gnoll

Illustrated notes

Levels and vault maps discovered:
D:1:      dpeg_arrival_shelter, layout_basic, ebering_ecumenical_altar_box
D:2:      layout_basic
D:3:      layout_basic, kennysheep_big_empty_room
D:4:      layout_rooms
D:5:      layout_loops_corners, minmay_temple_entry_statues_fountains,
          uniq_menkaure

Skill      XL: |  1  2  3  4  5  6  7 |
---------------+----------------------+-----
Shields        | 4 |  4.5
Fighting       | 4 5 6 |  6.4
Armour         | 4 5 6 |  6.4
Maces & Flails | 3 5 6 7 |  7.3

Action                   |  1- 3 |  4- 6 |  7- 9 || total
-------------------------+-------+-------+-------++-------
Melee: Flail             |    82 |    89 |    35 ||   206
       Headbutt          |     8 |    11 |     4 ||    23
Armor: Scale mail        |    28 |       |       ||    28
       Ring mail         |     8 |    42 |    10 ||    60
Dodge: Dodged            |    38 |    46 |    24 ||   108
Block: Buckler           |    21 |    20 |     6 ||    47

Table legend: (Time is in decaauts)
 A = Elapsed time spent in this place.
 B = Non-inter-level travel time spent in this place.
 C = Inter-level travel time spent in this place.
 D = Time resting spent in this place.
 E = Time spent auto-exploring this place.
 F = Levels seen in this place.
 G = Mean time per level.
                   A        B        C        D        E       F      G
               +--------+--------+--------+--------+--------+-----+--------+
         Total |   4649 |   4390 |    259 |    287 |   3505 |   5 |  929.8 |
       Dungeon |   4649 |   4390 |    259 |    287 |   3505 |   5 |  929.8 |
               +--------+--------+--------+--------+--------+-----+--------+

Top non-repeatable levels by time:
     D:1: 1107 daAuts
     D:3: 1056 daAuts
     D:2: 974 daAuts
     D:5: 845 daAuts
     D:4: 665 daAuts
